 Dungeon Crawl Stone Soup version 0.31.0-11-ge490571c62 (webtiles) character file.

Game seed: 8227669350336456403

2285 Amelense the Grappler (level 9, -2/84 HPs)
             Began as a Troll Berserker on Feb 7, 2024.
             Was a Priest of Trog.
             Slain by a gnoll
             ... wielding a +0 club
             ... led by a gnoll bouda
              (3 damage)
             ... on level 6 of the Dungeon.
             The game lasted 00:25:06 (4784 turns).

Amelense the Grappler (Troll Berserker)             Turns: 4784, Time: 00:25:07

Health: -2/84      AC:  8    Str: 31    XL:     9   Next: 17%
Magic:  17/17      EV:  6    Int:  3    God:    Trog [***...]
Gold:   290        SH:  0    Dex:  9    Spells: 8/8 levels left

rFire   . .          .
                       - Unarmed
rCold   + . .        (no shield)
rNeg    . . .        x - +1 robe {rC+}
rPois   .            m - +2 hat {SInv}
rElec   .            w - +0 cloak
rCorr   .            (gloves unavailable)
SInv    +            (boots unavailable)
Will    ++...        t - amulet of magic regeneration
Stlth   +            B - ring of magical power
HPRegen 2.14/turn    (no ring)
MPRegen 0.55/turn

%: no passive effects
@: strong-willed, on berserk cooldown, held, regenerating, slowed, invisible,
very slow
A: large, unfitting armour, claws 3, regeneration 1, shaggy fur 1, tough skin 1
a: Renounce Religion, Berserk, Trog's Hand


You were on level 6 of the Dungeon.
You worshipped Trog.
Trog was most pleased with you.
You visited 1 branch of the dungeon, and saw 6 of its levels.

You collected 290 gold pieces.

Inventory:

Missiles
 j - 4 boomerangs (quivered)
Armour
 a - a +0 animal skin
 m - a +2 hat of see invisible (worn)
 w - a +0 cloak (worn)
 x - a +1 robe of cold resistance (worn)
Jewellery
 t - an amulet of magic regeneration (around neck)
 B - a ring of magical power (left claw)
Talismans
 A - a beast talisman
Wands
 l - a wand of mindburst (24)
Scrolls
 b - a scroll of blinking
 c - a scroll of acquirement {unknown}
 d - 2 scrolls of butterflies
 f - 5 scrolls of identify
 g - 2 scrolls of vulnerability {unknown}
 h - 2 scrolls of amnesia {unknown}
 r - a scroll of revelation {unknown}
 s - a scroll of silence {unknown}
 u - 2 scrolls of teleportation {unknown}
 y - a scroll of noise {unknown}
Potions
 i - 2 potions of enlightenment {unknown}
 k - 2 potions of curing
 n - a potion of heal wounds {unknown}
 o - 3 potions of brilliance
 p - a potion of mutation {unknown}
 q - a potion of attraction {unknown}
 v - a potion of might {unknown}
 z - 2 potions of berserk rage {unknown}
 C - a potion of magic {unknown}


   Skills:
 + Level 4.0 Fighting
 + Level 5.1 Dodging
 - Level 0.1 Stealth
 * Level 10.4 Unarmed Combat
 * Level 2.1 Shapeshifting


You had 8 spell levels left.
You didn't know any spells.
Your spell library was empty.

Dungeon Overview and Level Annotations

Branches:
Dungeon (6/15)             Temple (0/1) D:6

Altars:
Ashenzari
Makhleb
Qazlal
Uskayaw
Wu Jian
Xom

Shops:
D:6 =


Innate Abilities, Weirdness & Mutations

You are too large for most types of armour.
You have claws for hands.
Your natural rate of healing is unusually fast.
You are covered in fur. (AC +1)
You have tough skin. (AC +1)


Message History

You kill the gnoll bouda!
Trog accepts your kill. The gnoll closely misses you. x2
Your Fighting skill increases to level 4!
You scratch the gnoll.
The gnoll is moderately wounded.
The gnoll closely misses you.
The gnoll throws a throwing net.
The throwing net hits you.
You become entangled in the net!
You struggle against the net.
The gnoll hits you with a +0 flail.
* * * LOW HITPOINT WARNING * * *
The gnoll hits you but does no damage. The gnoll closely misses you.
The gnoll hits you with a +0 flail.
* * * LOW HITPOINT WARNING * * *
Your skin crawls.
You feel strong-willed.
The gnoll hits you from afar with a +0 spear.
* * * LOW HITPOINT WARNING * * *
The gnoll hits you with a +0 club.
* * * LOW HITPOINT WARNING * * *
The gnoll hits you but does no damage. x2; The gnoll hits you with a +0 club.
* * * LOW HITPOINT WARNING * * *
You feel better. The gnoll barely misses you.
The gnoll hits you but does no damage. The gnoll completely misses you.
The gnoll barely misses you.
You fade into invisibility!
The gnoll is no longer moving quickly.
The gnoll barely misses you. x2
The gnoll hits you with a +0 flail!
* * * LOW HITPOINT WARNING * * *
The gnoll hits you but does no damage. The gnoll barely misses you.
You struggle against the net.
The gnoll barely misses you.
The gnoll hits you from afar with a +0 spear.
* * * LOW HITPOINT WARNING * * *
The gnoll completely misses you. The gnoll barely misses you.
You struggle against the net.
The gnoll hits you but does no damage. The gnoll hits you with a +0 club!
* * * LOW HITPOINT WARNING * * *
The gnoll hits you with a +0 flail.
* * * LOW HITPOINT WARNING * * *
The gnoll hits you but does no damage. The gnoll hits you with a +0 club.
You die...

.....≈...........#
≈≈≈≈.≈...##......#..# ..
...≈.≈...##.....##..##.
≈≈.≈.≈...#########....
∩≈.≈.≈...#......#..$.
.≈.≈.≈...#......##.<#
≈≈.≈.≈...##.....##..##
...≈.≈...##.....##g..+
≈≈≈≈.≈.####.....@gg..#
[....≈...##.....g#...#
≈≈≈≈≈≈.>.........#...#
.................#)......#
......†..####'####...##..#
.........#.......#...# .#
#######..#.......#...# #
......#..#.[.....#....
......#..#.......+.....


You could see 4 gnolls.

Vanquished Creatures
  Pikel (D:6)
  Maggie (D:6)
  Sigmund (D:5)
  2 black bears (D:5)
  An ice beast (D:5)
  A lemure (D:6)
  A phantom (D:5)
  Blork the orc (D:6)
  A bullfrog (D:6)
  2 scorpions
  An electric eel (D:6)
  A jelly (D:6)
  2 hounds
  2 bombardier beetles
  A gnoll bouda (D:6)
  An orc priest (D:5)
  3 iguanas
  Jessica (D:2)
  Ijyb (D:4)
  Natasha (D:2)
  7 orc wizards
  10 adders
  A gnoll (D:6)
  4 white imps
  4 ufetubi
  3 dart slugs
  17 orcs
  9 bats
  7 endoplasms
  13 goblins
  3 hobgoblins
  7 kobolds
  5 quokkas
  13 ball pythons
  3 frilled lizards
  5 rats
137 creatures vanquished.

Notes
Turn   | Place    | Note
-------+----------+-------------------------------------------
     0 | D:1      | Amelense the Troll Berserker began the quest for the Orb.
     0 | D:1      | Reached XP level 1. HP: 22/22 MP: 0/0
   156 | D:1      | You fall into a shaft and drop 1 floor!
   324 | D:1      | Reached XP level 2. HP: 29/29 MP: 1/1
   854 | D:1      | Reached ** piety under Trog
   895 | D:1      | Reached XP level 3. HP: 36/36 MP: 2/2
  1192 | D:2      | Noticed Natasha
  1200 | D:2      | Killed Natasha
  1201 | D:2      | Reached skill level 4 in Unarmed Combat
  1416 | D:2      | Reached XP level 4. HP: 44/44 MP: 3/3
  1455 | D:2      | Noticed Jessica
  1469 | D:2      | Killed Jessica
  1855 | D:3      | Reached XP level 5. HP: 51/52 MP: 4/4
  1988 | D:3      | Reached *** piety under Trog
  2272 | D:3      | Reached skill level 5 in Unarmed Combat
  2647 | D:4      | Noticed Ijyb
  2654 | D:4      | Killed Ijyb
  2667 | D:4      | Found a burning altar of Makhleb.
  2681 | D:4      | Found a stormy altar of Qazlal.
  2683 | D:4      | Found an ornate altar of the Wu Jian Council.
  2688 | D:4      | Found a broken altar of Ashenzari.
  2689 | D:4      | Found a hide-covered altar of Uskayaw.
  2833 | D:4      | Reached XP level 6. HP: 53/59 MP: 5/5
  2833 | D:4      | Found a shimmering altar of Xom.
  3012 | D:4      | Reached skill level 6 in Unarmed Combat
  3290 | D:5      | Entered Level 5 of the Dungeon
  3298 | D:5      | Noticed Sigmund
  3322 | D:5      | Killed Sigmund
  3323 | D:5      | Reached skill level 7 in Unarmed Combat
  3323 | D:5      | Reached XP level 7. HP: 43/67 MP: 6/6
  3568 | D:5      | Reached skill level 8 in Unarmed Combat
  3591 | D:5      | Reached **** piety under Trog
  3721 | D:5      | Reached XP level 8. HP: 75/75 MP: 7/7
  4109 | D:6      | Found a staircase to the Ecumenical Temple.
  4157 | D:6      | Noticed Blork the orc
  4162 | D:6      | Killed Blork the orc
  4246 | D:6      | Noticed Pikel
  4259 | D:6      | Killed Pikel
  4260 | D:6      | Reached skill level 9 in Unarmed Combat
  4260 | D:6      | Reached skill level 1 in Shapeshifting
  4307 | D:6      | Noticed Maggie
  4316 | D:6      | Killed Maggie
  4317 | D:6      | Reached skill level 5 in Dodging
  4317 | D:6      | Reached skill level 10 in Unarmed Combat
  4317 | D:6      | Reached XP level 9. HP: 84/84 MP: 8/8
  4332 | D:6      | Found Vystip's Jewellery Shoppe.
  4780 | D:6      | HP: 4/84 [gnoll/+0 club[a gnoll bouda] (3)]
  4784 | D:6      | HP: 1/84 [gnoll/+0 flail[a gnoll bouda] (6)]
  4784 | D:6      | Slain by a gnoll

Illustrated notes

Levels and vault maps discovered:
D:1:      dpeg_arrival_rooms_a, layout_basic
D:2:      minmay_razor_zed, layout_basic, serial_rivers,
          chequers_serial_rivers_small_b, chequers_serial_rivers_micro_d,
          chequers_serial_rivers_marsh, chequers_serial_rivers_room_b,
          chequers_serial_rivers_micro_c, uniq_jessica, uniq_natasha
D:3:      layout_rooms
D:4:      layout_basic, regret_index_xom_buried_treasure, minitemple,
          minmay_snake_closets, uniq_ijyb
D:5:      layout_basic, uniq_sigmund
D:6:      layout_gridville, marbit_many_paths, minmay_temple_entry_waves,
          serial_shops, shop, shop_coins, nicolae_inconvenience_store,
          uniq_blork_the_orc, uniq_maggie, uniq_jeremiah, uniq_pikel

Skill      XL: |  1  2  3  4  5  6  7  8  9 |
---------------+----------------------------+-----
Unarmed Combat | 4 5 7 8 10 | 10.4
Dodging        | 3 4 5 |  5.1
Fighting       | 3 4 |  4.0
Shapeshifting  | 1 2 |  2.1
Stealth        | |  0.1

Action                     |  1- 3 |  4- 6 |  7- 9 || total
---------------------------+-------+-------+-------++-------
  Melee: Unarmed           |    87 |   164 |   104 ||   355
         Punch             |     1 |     4 |     6 ||    11
  Throw: Boomerang         |     4 |       |     7 ||    11
 Invoke: Berserk           |       |     2 |     2 ||     4
         Trog's Hand       |       |     1 |     5 ||     6
Ability: Begin Untransform |       |       |     3 ||     3
    Use: Scroll            |       |     3 |       ||     3
         Potion            |       |     2 |     2 ||     4
   Stab: Sleeping          |       |     1 |       ||     1
 Armour: Animal skin       |    61 |   158 |       ||   219
         Robe              |       |       |   170 ||   170
  Dodge: Dodged            |    48 |   124 |   104 ||   276
   Form: Beast             |       |       |     3 ||     3
